 Dungeon Crawl Stone Soup version 0.31-a0-983-g7b6862f502 (webtiles) character file.

Game seed: 1345565302924128687

130 gruber the Cutter (level 5, -1/30 HPs)
             Began as a Kobold Gladiator on Nov 2, 2023.
             Slain by an orc
             ... wielding a +0 flail
              (7 damage)
             ... on level 3 of the Dungeon.
             The game lasted 00:02:05 (1896 turns).

gruber the Cutter (Kobold Gladiator)                Turns: 1896, Time: 00:02:06

Health: -1/30      AC:  4    Str: 11    XL:     5   Next: 36%
Magic:  5/5        EV: 15    Int: 10    God:
Gold:   146        SH:  0    Dex: 18    Spells: 4/4 levels left

rFire   . . .        a - +0 rapier
rCold   . . .        (no shield)
rNeg    . . .        b - +0 leather armour
rPois   .            c - +0 helmet
rElec   .            (no cloak)
rCorr   .            (no gloves)
SInv    .            (no boots)
Will    .....        (no amulet)
Stlth   ++           (no ring)
HPRegen 0.25/turn    (no ring)
MPRegen 0.09/turn

%: no passive effects
@: confused
A: small, no large weapons, nightstalker 3
a: no special abilities


You were on level 3 of the Dungeon.
You visited 1 branch of the dungeon, and saw 3 of its levels.

You collected 146 gold pieces.

Inventory:

Hand Weapons
 a - a +0 rapier (weapon)
Missiles
 d - 3 throwing nets (quivered)
 e - 2 boomerangs
 j - 5 poisoned darts
Armour
 b - a +0 leather armour (worn)
 c - a +0 helmet (worn)
Scrolls
 g - 2 scrolls of revelation {unknown}
 l - a scroll of noise {unknown}
 n - a scroll of teleportation {unknown}
Potions
 f - a potion of magic {unknown}
 h - a potion of resistance {unknown}
 i - a potion of cancellation {unknown}
 k - a potion of brilliance {unknown}
 m - 2 potions of heal wounds {unknown}
 o - a potion of invisibility {unknown}


   Skills:
 - Level 2.1 Fighting
 * Level 6.2 Short Blades
 - Level 2.1 Throwing
 - Level 3.6 Dodging
 - Level 4.3 Stealth


You had 4 spell levels left.
You didn't know any spells.
Your spell library was empty.

Dungeon Overview and Level Annotations

Branches:
Dungeon (3/15)

Altars:

Shops:
D:1 [   D:2 :


Innate Abilities, Weirdness & Mutations

You are small and have problems with some larger weapons.
You are completely attuned to the shadows.


Message History

Things that are here:
a +0 flail; a +0 flail; an orc corpse The orc wizard shouts!
The orc shouts!
You puncture the orc!
You kill the orc!
The orc wizard gestures at you while chanting.
You resist with some effort.
The orc wizard points at you and mumbles some strange words.
The puff of flame hits you.
You hit the orc wizard but do no damage.
The orc wizard gestures at you while chanting.
You are confused.
You're too confused to move!
The orc wizard gestures at you while chanting.
You are more confused.
You barely miss the orc wizard.
The orc wizard hits you with a +0 dagger.
You bump into the rock wall.
The orc wizard mumbles some strange words.
The orc wizard flickers and vanishes!
Deactivating autopickup; reactivate with Ctrl-A.
You barely miss something.
You hear some strange, mumbled words.
A puff of flame appears from out of thin air!
The puff of flame hits you.
You bump into the rock wall.
Something hits you.
Things that are here:
a +0 trident; an orc corpse You bump into the rock wall.
Something hits you but does no damage.
You bump into the rock wall.
Something hits you but does no damage.
You closely miss something. Something hits you.
You bump into the rock wall.
You hear some strange, mumbled words.
You are more confused.
The orc hits you with a +0 flail!
* * * LOW HITPOINT WARNING * * *
You closely miss the orc. Something hits you.
* * * LOW HITPOINT WARNING * * *
The orc hits you with a +0 flail!
You die...

####............#.#
####..........).#.#
..##............#.#
..##......).....#.#
..##............#.#
..................#
..<...............#
............####..#
...(........####@.#
.......... .....)o#
.......... ..####.#
'######+## #.# .#
#.# .# #># .# #.#
.# .##.##### .#
....(...o.


You could see an orc.

Vanquished Creatures
  An orc wizard (D:3)
  2 adders (D:2)
  2 worms
  3 dart slugs
  6 orcs (D:3)
  2 ball pythons
  6 endoplasms
  2 giant cockroaches
  7 goblins
  4 hobgoblins
  2 jackals (D:1)
  6 kobolds
  2 quokkas
  8 bats
  5 frilled lizards
  7 rats
65 creatures vanquished.

Notes
Turn   | Place    | Note
-------+----------+-------------------------------------------
     0 | D:1      | gruber the Kobold Gladiator began the quest for the Orb.
     0 | D:1      | Reached XP level 1. HP: 12/12 MP: 1/1
   162 | D:1      | Reached XP level 2. HP: 17/17 MP: 2/2
   192 | D:1      | You fall into a shaft and drop 1 floor!
   244 | D:2      | Reached skill level 5 in Short Blades
   310 | D:2      | Reached XP level 3. HP: 19/21 MP: 3/3
   622 | D:1      | Reached skill level 6 in Short Blades
   725 | D:1      | Found Yri Kid's Antique Armour Boutique.
   781 | D:1      | Reached XP level 4. HP: 26/26 MP: 4/4
  1012 | D:2      | Found a faded altar of an unknown god.
  1049 | D:2      | Reached skill level 1 in Stealth
  1380 | D:2      | Found Vinehon's Book Boutique.
  1801 | D:3      | Reached XP level 5. HP: 30/30 MP: 5/5
  1896 | D:3      | Slain by an orc

Illustrated notes

Levels and vault maps discovered:
D:1:      minmay_arrival_stair_chambers, layout_loops_ring, serial_shops, shop
D:2:      layout_rooms, serial_shops, nicolae_shop_real_fake_doors,
          ebering_ecumenical_altar_webs
D:3:      layout_basic

Skill      XL: |  1  2  3  4  5 |
---------------+----------------+-----
Short Blades   | 5 6 |  6.2
Stealth        | 3 4 |  4.3
Fighting       | |  2.1
Throwing       | |  2.1
Dodging        | |  3.6

Action                     |  1- 3 |  4- 6 || total
---------------------------+-------+-------++-------
  Melee: Rapier            |    90 |   108 ||   198
         Punch             |     4 |       ||     4
   Stab: Sleeping          |    12 |     8 ||    20
 Armour: Leather armour    |    30 |    37 ||    67
  Dodge: Dodged            |    75 |    59 ||   134

Table legend: (Time is in decaauts)
 A = Elapsed time spent in this place.
 B = Non-inter-level travel time spent in this place.
 C = Inter-level travel time spent in this place.
 D = Time resting spent in this place.
 E = Time spent auto-exploring this place.
 F = Levels seen in this place.
 G = Mean time per level.
                   A        B        C        D        E       F      G
               +--------+--------+--------+--------+--------+-----+--------+
         Total |   1877 |   1829 |     48 |      0 |   1400 |   3 |  625.7 |
       Dungeon |   1877 |   1829 |     48 |      0 |   1400 |   3 |  625.7 |
               +--------+--------+--------+--------+--------+-----+--------+

Top non-repeatable levels by time:
     D:1: 734 daAuts
     D:2: 674 daAuts
     D:3: 468 daAuts
